Map: [ESL] Stargazers

Players

Lambo

  • Race: Zerg Zerg
  • Spawn Location: 1:00

Clem - Winner!

  • Race: Terran Terran
  • Spawn Location: 11:00

Event: DreamHack SC2 Masters 2022 Atlanta (Online)

VOD

Have the link to the VOD?

Description

Time

  • Played on: Oct. 13, 2022, 3:06 p.m.
  • Length: 14:34

All games in this series

Show
View Real Time Build Order
Export as new Build Order

Lambo Zerg 

Build Orders: Hatch First 

Get SALT Encoding   

  12  0:00  Drone  
  13  0:12  Overlord  
  13  0:17  Drone  
  14  0:30  Drone x2  
  16  0:48  Hatchery  
  15  0:51  Drone  
  15  0:54  Drone  
  17  0:58  Drone  
  18  1:08  Extractor  
  17  1:12  Spawning Pool  
  17  1:15  Drone  
  18  1:18  Drone  
  18  1:28  Drone  
  19  1:39  Drone  
  20  1:49  Drone  
  21  1:59  Queen x2  
  21  2:00  Zergling x4  
  27  2:10  Drone  
  27  2:11  Overlord  
  28  2:21  Hatchery  
  27  2:24  Drone  
  28  2:31  Drone  
  28  2:32  Drone x2  
  30  2:40  Queen  
  32  2:44  Overlord  
  32  2:47  Drone  
  32  2:50  Metabolic Boost  
  33  2:54  Drone  
  33  2:56  Drone  
  35  3:02  Queen  
  35  3:05  Drone  
  38  3:07  Drone  
  38  3:10  Drone x2  
  41  3:16  Drone x2  
  43  3:21  Overlord  
  43  3:25  Overlord  
  43  3:32  Queen x2  
  47  3:38  Drone x2  
  49  3:43  Drone  
  49  3:45  Drone  
  49  3:46  Drone x2  
  49  3:47  Drone x2  
  55  3:54  Zergling x6  
  55  3:55  Overlord  
  58  4:02  Drone x2  
  60  4:05  Overlord  
  60  4:06  Drone  
  61  4:11  Drone  
  61  4:14  Queen  
  61  4:15  Queen  
  66  4:18  Overlord  
  66  4:19  Zergling x4  
  66  4:20  Zergling x2  
  66  4:22  Overlord  
  66  4:24  Drone  
  70  4:31  Drone x2  
  72  4:36  Spore Crawler  
  71  4:39  Drone x3  
  74  4:46  Drone x7  
  74  4:51  Drone x2  
  74  4:52  Lair  
  80  4:56  Drone  
  80  4:57  Drone x2  
  80  4:58  Drone  
  80  4:59  Drone  
  85  5:02  Drone  
  85  5:04  Extractor  
  85  5:05  Extractor  
  85  5:06  Extractor  
  83  5:10  Drone  
  83  5:12  Drone  
  83  5:13  Drone  
  86  5:15  Baneling Nest  
  86  5:18  Extractor  
  86  5:19  Extractor  
  86  5:21  Drone x2  
  85  5:22  Drone x2  
  85  5:24  Hatchery, Overlord  
  85  5:27  Overlord  
  86  5:28  Drone x4  
  86  5:32  Overlord  
  90  5:36  Overlord  
  90  5:45  Drone  
  90  5:46  Drone x3  
  90  5:48  Drone x2  
  96  5:50  Spire  
  96  5:53  Evolution Chamber  
  96  5:54  Evolution Chamber  
  93  5:58  Drone x3  
  93  6:02  Drone x2  
  93  6:03  Centrifugal Hooks  
  98  6:05  Drone  
  98  6:07  Drone x2  
  98  6:08  Drone x2  
  103  6:12  Drone x5  
  108  6:23  Zerg Ground Armor Level 1, Zerg Melee Weapons Level 1  
  108  6:25  Zergling x12  
  112  6:29  Extractor  
  112  6:32  Extractor  
  112  6:33  Baneling x5  
  111  6:40  Queen  
  111  6:41  Zergling x12  
  111  6:43  Baneling  
  111  6:44  Overseer, Baneling x2  
  118  6:49  Spore Crawler  
  115  7:00  Zergling x10  
  115  7:01  Zergling x10  
  119  7:08  Drone x2  
  120  7:09  Overlord x3  
  120  7:10  Zerg Flyer Weapons Level 1, Overlord  
  120  7:11  Overlord  
  120  7:17  Overlord  
  120  7:21  Baneling x4  
  120  7:23  Overlord  
  120  7:28  Baneling x2  
  120  7:33  Mutalisk x11  
  142  7:44  Mutalisk x2  
  137  7:50  Drone x5  
  137  7:51  Mutalisk  
  145  7:52  Baneling x2  
  145  7:53  Baneling  
  145  7:56  Zergling x12  
  153  8:04  Zergling x10  
  138  8:13  Mutalisk x4  
  138  8:17  Overseer  
  138  8:18  Drone x5  
  151  8:29  Mutalisk x3  
  151  8:31  Drone x2  
  151  8:32  Zergling x12  
  151  8:34  Queen  
  165  8:35  Queen x2  
  165  8:38  Zergling x10, Hatchery  
  165  8:40  Baneling x2  
  175  8:42  Zerg Melee Weapons Level 2  
  174  8:49  Overseer, Overlord  
  174  8:50  Pneumatized Carapace, Overlord  
  171  8:56  Overlord  
  171  8:57  Baneling  
  171  8:58  Baneling x3  
  170  9:06  Overlord  
  168  9:14  Zergling x22  
  178  9:17  Zerg Flyer Armor Level 1  
  178  9:18  Zerg Ground Armor Level 2  
  175  9:25  Mutalisk x4  
  175  9:30  Zergling x20  
  193  9:32  Baneling x6  
  193  9:36  Zergling x4  
  195  9:42  Baneling x4  
  195  9:44  Zergling x12  
  197  9:47  Baneling x5  
  192  10:03  Mutalisk x4  
  191  10:08  Zergling x14  
  191  10:14  Infestation Pit, Drone x6  
  194  10:16  Overseer  
  200  10:30  Baneling x16  
  200  10:32  Hatchery  
  197  10:40  Zergling x6  
  197  10:41  Baneling x9  
  198  10:50  Zergling x4  
  198  10:57  Zergling x40  
  195  11:01  Zergling x8  
  180  11:13  Hive, Zerg Flyer Armor Level 2  
  180  11:14  Mutalisk x4  
  180  11:16  Zergling x4  
  190  11:21  Baneling x8  
  190  11:24  Baneling x3  
  189  11:32  Zergling x2  
  189  11:33  Zergling x2  
  189  11:34  Baneling x8  
  190  11:43  Overlord  
  190  11:45  Overseer x2  
  181  11:59  Mutalisk x4  
  177  12:02  Zergling x38  
  192  12:09  Zergling x8  
  194  12:18  Zergling x4  
  196  12:22  Spore Crawler  
  196  12:25  Baneling x7  
  189  12:38  Zergling x22  
  189  12:41  Zergling x2  
  189  12:42  Zergling x8  
  194  12:49  Zergling x32  
  189  13:02  Zergling x2  
  189  13:03  Zergling x8  
  164  13:08  Zergling x6  
  164  13:12  Zergling x4  
  147  13:16  Mutalisk x7  
  150  13:20  Baneling x3  
  150  13:25  Zergling x8  
  143  13:31  Ultralisk Cavern  
  142  13:34  Overlord x3  
  142  13:35  Spire  
  132  13:55  Zergling x12  
  138  13:59  Overseer x2, Hatchery x2  
  138  14:00  Zergling x4  
  138  14:05  Zergling x2, Hatchery  
  138  14:06  Baneling x6  
  138  14:13  Zergling x2  
  138  14:14  Zergling x4  
Show
View Real Time Build Order
Export as new Build Order

Clem Terran - Winner!

Build Orders: Reaper Expand 

Get SALT Encoding   

  12  0:00  SCV  
  13  0:12  SCV  
  14  0:17  Supply Depot  
  14  0:25  SCV  
  15  0:38  SCV  
  15  0:39  Barracks  
  16  0:43  Refinery  
  16  0:50  SCV  
  17  1:02  SCV  
  18  1:15  SCV  
  19  1:26  Reaper  
  19  1:27  Orbital Command  
  20  1:39  Command Center  
  20  1:46  Supply Depot  
  20  1:52  SCV  
  21  1:58  Marine  
  22  2:04  SCV  
  23  2:10  Factory  
  23  2:16  SCV  
  23  2:19  Barracks Reactor  
  23  2:21  Refinery  
  24  2:28  SCV  
  25  2:40  SCV  
  26  2:51  Orbital Command  
  26  2:53  SCV  
  26  2:57  Starport  
  27  3:02  Hellion  
  27  3:03  Hellion  
  27  3:05  SCV, Barracks Tech Lab  
  32  3:12  Supply Depot  
  32  3:17  SCV x2  
  34  3:24  Hellion x2  
  34  3:25  Marine  
  39  3:29  SCV  
  39  3:32  SCV  
  41  3:35  Medivac  
  41  3:36  Supply Depot  
  41  3:39  Stimpack  
  43  3:41  SCV  
  43  3:44  SCV  
  43  3:46  Widow Mine  
  49  3:48  Widow Mine  
  49  3:53  SCV  
  50  3:56  SCV  
  51  4:05  SCV  
  51  4:09  SCV  
  53  4:11  Command Center  
  53  4:15  Starport Reactor  
  53  4:17  SCV  
  53  4:19  Supply Depot  
  53  4:21  SCV  
  55  4:25  Factory Reactor  
  55  4:27  Barracks  
  55  4:29  SCV  
  55  4:31  Barracks  
  56  4:33  SCV  
  56  4:35  Engineering Bay  
  56  4:37  Marine  
  58  4:42  SCV  
  58  4:45  SCV  
  56  4:53  Engineering Bay  
  56  4:54  SCV  
  56  4:55  Marine  
  56  4:56  Refinery  
  56  4:57  Refinery, SCV  
  59  5:05  Terran Infantry Weapons Level 1  
  59  5:06  SCV  
  60  5:09  SCV  
  60  5:10  Factory Reactor  
  60  5:12  Marine  
  60  5:13  Marine x2  
  64  5:17  Liberator  
  64  5:18  SCV  
  68  5:21  SCV  
  68  5:22  Barracks  
  68  5:23  Barracks, Terran Infantry Armor Level 1  
  68  5:24  Marine  
  68  5:25  Marine  
  71  5:29  Orbital Command  
  71  5:32  Combat Shield  
  71  5:34  SCV  
  72  5:35  SCV  
  72  5:37  Marine  
  72  5:38  Orbital Command  
  72  5:39  Marine  
  72  5:40  Marine  
  76  5:44  Marine  
  76  5:46  SCV  
  76  5:47  SCV, Medivac  
  76  5:48  Widow Mine  
  83  5:50  Widow Mine  
  83  5:53  Supply Depot  
  85  6:06  Marine x3  
  85  6:07  SCV x3, Marine  
  85  6:08  Supply Depot, Marine  
  85  6:11  Barracks Reactor  
  93  6:15  Supply Depot, Medivac, Widow Mine  
  93  6:17  Widow Mine  
  93  6:18  Marine  
  100  6:19  SCV  
  101  6:27  Armory  
  101  6:30  SCV x2, Marine x2  
  101  6:31  SCV  
  106  6:36  Supply Depot  
  106  6:37  Refinery  
  106  6:38  Widow Mine  
  108  6:40  Marine x2  
  108  6:42  SCV  
  108  6:44  Supply Depot, SCV x2  
  113  6:48  Factory  
  113  6:54  Barracks Reactor, SCV  
  113  6:55  Marine x3  
  113  6:57  Marine  
  113  6:58  Widow Mine  
  115  7:04  Widow Mine, Marine x3  
  116  7:12  Marine  
  116  7:13  Marine x2  
  116  7:15  Command Center  
  119  7:17  Supply Depot  
  119  7:20  Supply Depot  
  119  7:21  Terran Infantry Armor Level 2  
  119  7:25  Medivac, Widow Mine  
  119  7:28  Widow Mine, Marine  
  126  7:33  Marine  
  126  7:34  Marine  
  126  7:35  Marine  
  129  7:39  Supply Depot, SCV x3  
  129  7:40  Refinery  
  129  7:42  Terran Infantry Weapons Level 2  
  128  7:44  Marine  
  128  7:46  Marine  
  128  7:48  Terran Vehicle And Ship Armor Level 1, Marine  
  127  7:51  Marine x2  
  127  7:54  Medivac  
  127  7:57  Supply Depot, Widow Mine  
  131  7:59  Marine  
  131  8:05  Marine  
  131  8:08  Medivac  
  131  8:10  Missile Turret  
  131  8:11  Missile Turret x2  
  131  8:12  Widow Mine  
  124  8:15  Widow Mine, Marine x2  
  124  8:16  Marine  
  124  8:17  SCV  
  124  8:18  SCV  
  127  8:23  Missile Turret  
  127  8:24  Medivac  
  127  8:25  SCV, Marine  
  131  8:29  SCV, Widow Mine  
  131  8:30  SCV, Marine x2  
  131  8:31  Marine x2  
  131  8:33  Widow Mine  
  141  8:37  Missile Turret  
  141  8:38  Medivac  
  141  8:40  Widow Mine, Marine x3  
  148  8:42  SCV  
  148  8:43  Marine x2  
  148  8:47  Marine x2, Planetary Fortress  
  151  8:50  SCV x2  
  151  8:54  SCV, Medivac  
  152  9:00  Widow Mine x2  
  152  9:02  SCV  
  157  9:05  Marine x2  
  157  9:06  Marine  
  157  9:08  Medivac  
  160  9:12  Marine  
  160  9:13  Marine x2  
  160  9:15  Factory Reactor  
  160  9:16  Factory Tech Lab  
  163  9:21  Marine  
  163  9:22  Supply Depot, Command Center  
  161  9:24  Medivac, Marine x2  
  161  9:25  SCV  
  161  9:27  SCV  
  161  9:28  SCV x2  
  161  9:30  Marine x2  
  169  9:35  Marine  
  169  9:38  SCV, Medivac  
  173  9:40  SCV  
  173  9:43  Marine  
  173  9:44  Marine x2  
  173  9:45  Factory Tech Lab  
  174  9:46  SCV  
  174  9:47  Marine x2  
  174  9:48  Marauder, Marine  
  174  9:50  SCV  
  174  9:51  Widow Mine x2  
  186  9:53  SCV  
  186  9:54  Supply Depot, Medivac  
  186  9:57  Missile Turret  
  179  10:00  Marine x2  
  167  10:07  Barracks  
  167  10:08  Drilling Claws  
  167  10:11  Thor  
  167  10:12  Barracks  
  167  10:13  Marine  
  174  10:15  Barracks, Sensor Tower  
  174  10:20  Marine  
  174  10:21  Refinery x2  
  175  10:24  Terran Infantry Weapons Level 3, Missile Turret  
  175  10:29  Terran Infantry Armor Level 3  
  175  10:33  Missile Turret, Terran Vehicle And Ship Armor Level 2  
  175  10:38  Marine  
  175  10:39  Marine  
  175  10:40  Marine  
  175  10:42  Widow Mine x2, Marine  
  180  10:43  Marine  
  180  10:48  Missile Turret, Marauder  
  184  10:50  SCV  
  184  10:54  Widow Mine  
  184  10:56  Marine x2  
  172  11:01  Barracks Tech Lab, Marine  
  172  11:02  Barracks Tech Lab  
  172  11:03  Marine  
  167  11:04  Widow Mine x2  
  167  11:09  Marauder, Marine  
  175  11:11  Marine x3  
  175  11:12  Marine  
  175  11:14  Planetary Fortress  
  175  11:16  SCV, Missile Turret  
  175  11:17  Missile Turret  
  174  11:18  Command Center  
  174  11:25  SCV, Marine  
  176  11:27  Thor  
  176  11:28  SCV x2  
  176  11:30  Marine x2  
  176  11:31  Marauder, Marine  
  180  11:33  Missile Turret  
  180  11:36  Marine x2  
  179  11:43  Marine  
  179  11:44  SCV, Marine  
  182  11:47  Command Center  
  182  11:49  SCV, Missile Turret  
  182  11:51  Sensor Tower  
  182  11:53  Marauder  
  185  11:56  Marine x4  
  185  12:00  Marine  
  185  12:02  Marine x2  
  185  12:03  SCV  
  185  12:04  Marine x2  
  185  12:05  Command Center  
  189  12:09  Widow Mine  
  189  12:13  Widow Mine x2  
  195  12:16  Marine x2  
  195  12:19  Concussive Shells  
  195  12:20  Marauder, Marine  
  200  12:28  Refinery  
  200  12:29  Refinery  
  200  12:31  Command Center  
  200  12:35  Widow Mine, Marine x3  
  200  12:36  Marine  
  195  12:38  Barracks Tech Lab  
  195  12:39  Thor  
  195  12:40  Marine  
  195  12:43  Marine  
  200  12:45  Widow Mine  
  200  12:46  Marine x3  
  200  12:47  Marine x2  
  200  12:51  Liberator x2  
  175  12:53  Marine x2  
  175  12:54  Marine x2  
  175  12:56  Marine  
  175  12:57  Widow Mine, Marine  
  183  13:01  Marine  
  183  13:04  Marine  
  183  13:05  Marauder, Marine x2  
  178  13:07  Widow Mine  
  178  13:10  Marine  
  178  13:11  Marine  
  178  13:12  Marine x3  
  163  13:13  Marine  
  163  13:15  SCV x3  
  163  13:16  SCV  
  163  13:17  SCV  
  163  13:18  Widow Mine  
  163  13:19  SCV, Marine  
  171  13:22  Widow Mine, Marine  
  171  13:23  Marine x2  
  171  13:26  Marine  
  177  13:27  SCV x2  
  177  13:28  Marine x2  
  177  13:30  Widow Mine, Marine x3  
  177  13:31  Marine  
  177  13:34  Medivac x2  
  189  13:37  Marine  
  189  13:39  Widow Mine, Marine  
  194  13:41  Marauder x2  
  194  13:43  Marine  
  194  13:44  Widow Mine  
  194  13:46  Marine x2  
  194  13:48  Marine x3  
  198  13:49  Missile Turret  
  198  13:50  Missile Turret, Marauder  
  198  13:52  Planetary Fortress  
  198  13:55  Marine  
  190  13:57  Marine  
  190  13:59  Widow Mine  
  190  14:02  Marauder  
  197  14:03  Marauder x2  
  197  14:04  Marine  
  197  14:06  Sensor Tower  
  197  14:07  Barracks Tech Lab  
  200  14:24  Refinery  
Tags
 
Add a new tag
Caveats
  • Supply blocks, unpowered buildings, or Contaminate may cause inaccurate times.
  • Supply counts are checked every 10 seconds.